 Dungeon Crawl Stone Soup version 0.29-a0-1027-gcd8c55af63 (webtiles) character file.

Game seed: 6514847789229896539

110844 siradein the Fencer (level 16, -5/137 HPs)
             Began as a Vampire Berserker on Aug 12, 2022.
             Was an Elder of Trog.
             Slain by a redback (7 damage)
             ... on level 1 of the Spider Nest on Aug 13, 2022.
             The game lasted 01:32:10 (24317 turns).

siradein the Fencer (Vampire Berserker)            Turns: 24317, Time: 01:32:10

Health: -5/137     AC: 32    Str: 15    XL:     16   Next: 8%
Magic:  0/16       EV: 15    Int: 19    God:    Trog [****..]
Gold:   2912       SH:  0    Dex: 18    Spells: 15/15 levels left

rFire   + + +      SeeInvis +   Y - +4 triple sword (flame)
rCold   . . .      Faith    .   (shield currently unavailable)
rNeg    + + .      Spirit   +   J - +3 plate armour {rF+}
rPois   +          Reflect  .   v - +2 helmet
rElec   .          Harm     .   N - +2 cloak {rPois}
rCorr   .          Rampage  .   l - +2 pair of gloves
Will    +++..                   K - +2 pair of boots
Stlth   ..........              S - amulet "Caqa" {Spirit Int+3}
HPRegen 1.52/turn               i - +4 ring of slaying
MPRegen 0.15/turn               d - ring "Umycougu" {*Slow rF++ rN++ EV+4}

@: strong-willed, on berserk cooldown, regenerating, slowed, studying 2 skills,
very slow
A: alive, fangs 3, see invisible, vampiric 2, clever 1, fire resistance 1,
evolution 1
a: Exsanguinate, Renounce Religion, Berserk, Trog's Hand, Brothers in Arms


You were on level 1 of the Spider Nest.
You worshipped Trog.
Trog was greatly pleased with you.
You visited 5 branches of the dungeon, and saw 24 of its levels.
You also visited: Trove and Sewer.

You collected 3064 gold pieces.
You spent 152 gold pieces at shops.

Inventory:

Hand Weapons
 Y - a +4 triple sword of flaming (weapon)
Missiles
 u - 22 boomerangs
 B - a curare-tipped dart (quivered)
 L - 3 throwing nets
 P - 17 javelins
 Z - 3 silver javelins
Armour
 l - a +2 pair of gloves (worn)
 v - a +2 helmet (worn)
 J - a +3 plate armour of fire resistance (worn)
 K - a +2 pair of boots (worn)
 N - a +2 cloak of poison resistance (worn)
Jewellery
 b - an amulet of regeneration
 d - the ring "Umycougu" (right hand) {*Slow rF++ rN++ EV+4}
   (You found it on level 8 of the Dungeon)

   [ring of evasion]

   EV:        It affects your evasion (+4).
   rF:        It greatly protects you from fire.
   rN:        It greatly protects you from negative energy.
   *Slow:     It may slow you when you take damage.
 g - a ring of fire
 i - a +4 ring of slaying (left hand)
 C - a ring of resist corrosion
 D - an amulet of the acrobat
 O - an amulet of faith
 R - a +4 ring of evasion
 S - the amulet "Caqa" (around neck) {Spirit Int+3}
   (You found it in a treasure trove)

   [amulet of guardian spirit]

   It causes incoming damage to be divided between your reserves of health and
   magic.
   Int:       It affects your intelligence (+3).
 X - a ring of protection from fire
Wands
 a - a wand of quicksilver (22)
 t - a wand of polymorph (13)
 E - a wand of flame (17)
 H - a wand of charming (8)
 M - a wand of digging (10)
 T - a wand of roots (4)
Scrolls
 c - 8 scrolls of teleportation
 e - 4 scrolls of poison
 m - 2 scrolls of brand weapon
 o - 2 scrolls of fear
 p - a scroll of fog
 q - 3 scrolls of silence
 r - 8 scrolls of magic mapping
 s - 4 scrolls of immolation
 F - 3 scrolls of blinking
 G - 7 scrolls of identify
 W - 3 scrolls of enchant armour
Potions
 f - a potion of resistance
 h - 11 potions of curing
 j - a potion of mutation
 k - 5 potions of cancellation
 n - 2 potions of magic
 x - 6 potions of ambrosia
 y - 2 potions of flight
 z - 6 potions of haste
 A - 6 potions of heal wounds
 I - 4 potions of might
Miscellaneous
 Q - a phial of floods


   Skills:
 + Level 15.6 Fighting
 + Level 15.7 Long Blades
 + Level 5.8 Throwing
 + Level 12.0 Armour
 + Level 15.2 Dodging
 + Level 8.7 Stealth
 + Level 4.9 Evocations


You had 15 spell levels left.
You didn't know any spells.
Your spell library was empty.

Dungeon Overview and Level Annotations

Branches:
Dungeon (15/15)            Temple (0/1) D:4            Lair (5/5) D:11
 Shoals (1/4) Lair:3       Spider (1/4) Lair:2        Slime (0/5) Lair:5
    Orc (2/2) D:9             Elf (0/3) Orc:2        Vaults (0/5) D:13
 Depths (0/4) D:15          Sewer (visited)

Altars:
Dithmenos
Gozag
Hepliaklqana
Kikubaaqudgha
Makhleb
Uskayaw
Wu Jian
Jiyva

Shops:
D:3 *   Orc:2 :[*(

Annotations:
Lair:3 exclusion: 4 oklob plants


Innate Abilities, Weirdness & Mutations

Your natural rate of healing is accelerated.
You have razor-sharp teeth.
You have supernaturally acute eyesight. (SInv)
You are afflicted with vampirism and can become a bat while bloodless.
Your mind is acute. (Int +4, Str/Dex -1)
Your flesh is heat resistant. (rF+)
You have hidden genetic potential.


Message History

The redback bites you but does no damage.
The meliai barely misses you. The meliai closely misses you.
You chop the meliai into pieces!!! You burn the meliai.
You kill the meliai!
Trog accepts your kill.
* * * LOW HITPOINT WARNING * * *
You feel very sick.
The tarantella rages.
The redback bites you.
* * * LOW HITPOINT WARNING * * *
The redback bites you but does no damage.
The culicivora rages.
The redback closely misses you.
You are no longer berserk.
You are exhausted.
You feel yourself slow down.
* * * LOW HITPOINT WARNING * * *
You feel very sick. The redback bites you.
* * * LOW HITPOINT WARNING * * *
Unknown command.
You feel better. The redback barely misses you.
The redback completely misses you. x2
The redback bites you but does no damage.
The redback barely misses you.
The tarantella rages.
The redback bites you but does no damage.
The redback bites you!
* * * LOW HITPOINT WARNING * * *
The redback bites you but does no damage.
Your skin crawls.
You feel strong-willed. The redback bites you!
* * * LOW HITPOINT WARNING * * *
The redback closely misses you.
The redback bites you but does no damage. x2
The redback misses you. The redback bites you!
* * * LOW HITPOINT WARNING * * *
The redback closely misses you. The redback bites you!
You die...

####........##.......##
# #.................##
###....##........##
#..<..#.......##
#...###.......#
#...#.......### .
##..##s....##
...#...sss..##
.......@sss..##
........#s...^#
........#ss####
.......##sy..
.......#ss...^
.........#.....#
....#....#......
.####..####..... ...
.^.?..


You could see 2 culicivoras, a tarantella (berserk) and 6 redbacks.

Vanquished Creatures
  Saint Roka (Orc:2)
  Rupert (Lair:3)
  Frances (D:13)
  An orc warlord (Orc:2)
  Azrael (Orc:2)
  Erolcha (D:13)
  A rakshasa (D:14)
  A great orb of eyes (D:15)
  9 hydras
  5 boulder beetles
  5 catoblepae
  2 vault guards (D:13)
  10 two-headed ogres
  8 centaur warriors
  2 ogre magi (D:15)
  11 death yaks
  A tengu warrior (D:14)
  A death knight (D:15)
  3 orc high priests (Orc:2)
  Urug (Lair:1)
  4 skeletal warriors (D:14)
  A pharaoh ant (Spider:1)
  The ghost of RBrandon the Nimble, a novice DEMo of Zin (Lair:1)
  An orb spider (Spider:1)
  2 wizards
  3 deep elf pyromancers
  6 orc knights
  14 ugly things
  6 orc sorcerers
  A wolf spider (Spider:1)
  An oklob plant (Lair:4)
  6 manticores
  3 cyclopes
  An elephant (Lair:3)
  4 black mambas
  Joseph (D:7)
  A merfolk siren (Lair:3)
  Maurice (D:12)
  12 cane toads
  3 gargoyles
  4 unseen horrors
  3 efreet
  3 rime drakes
  2 kobold demonologists (D:10)
  9 komodo dragons
  4 yaktaurs (D:12)
  2 tengu conjurers
  A queen bee (Lair:3)
  8 trolls
  3 meliai (Spider:1)
  A tarantella (shapeshifter) (D:15)
  A hornet (D:7)
  17 blink frogs
  10 slime creatures
  A tarantella (Spider:1)
  2 jumping spiders
  A centaur simulacrum (D:15)
  3 culicivoras
  4 shadows
  4 wraiths
  5 wyverns
  3 vampires
  4 fire elementals (Orc:2)
  5 basilisks
  3 steam dragons
  31 yaks
  8 vampire mosquitoes
  6 redbacks
  Menkaure (D:6)
  An acid dragon (D:11)
  2 wargs (Orc:2)
  17 water moccasins
  A hell hound (Orc:2)
  A swamp drake (D:9)
  42 orc warriors
  4 black bears (D:11)
  A sky beast (shapeshifter) (D:14)
  4 ice beasts
  12 ogres
  5 boggarts
  The ghost of frimble the Digger, an amateur DsEE (D:3)
  21 wolves
  5 centaurs
  7 kobold brigands
  12 bullfrogs
  A gnoll sergeant (D:9)
  3 scorpions
  5 wights (D:7)
  36 killer bees
  An electric eel (D:14)
  A howler monkey (D:10)
  2 centaur zombies (D:3)
  A gnoll bouda (D:7)
  16 orc priests
  4 hounds
  2 jellies
  Crazy Yiuf (D:5)
  4 iguanas
  22 orc wizards
  Natasha (thrice) (D:2)
  6 hell rats (Lair:3)
  16 gnolls
  16 adders
  A river rat (D:5)
  A shadow imp (D:5)
  A white imp (D:7)
  An ufetubus (D:5)
  3 worms
  3 dart slugs
  79 orcs
  7 ball pythons
  8 bats
  11 endoplasms
  2 giant cockroaches (D:1)
  10 hobgoblins
  2 jackals (D:4)
  32 kobolds
  3 quokkas
  5 frilled lizards
  5 goblins
  5 rats
742 creatures vanquished.

Vanquished Creatures (others)
  An orc warrior (D:9)
  An orc priest (D:9)
  4 orcs (D:9)
  66 fungi
  58 plants
  2 withered plants (Lair:1)
132 creatures vanquished.

Grand Total: 874 creatures vanquished

Notes
Turn   | Place    | Note
-------+----------+-------------------------------------------
     0 | D:1      | siradein the Vampire Berserker began the quest for the Orb.
     0 | D:1      | Reached XP level 1. HP: 17/17 MP: 1/1
   200 | D:1      | Reached XP level 2. HP: 21/23 MP: 2/2
   766 | D:1      | Gained mutation: You are afflicted with vampirism and can
                  | become a bat while bloodless. [Vampire growth]
   766 | D:1      | Reached XP level 3. HP: 18/29 MP: 3/3
   991 | D:2      | Reached ** piety under Trog
  1102 | D:2      | Noticed Natasha
  1108 | D:2      | Killed Natasha
  1109 | D:2      | Reached XP level 4. HP: 35/35 MP: 4/4
  1130 | D:2      | Noticed Natasha
  1145 | D:2      | Killed Natasha
  1568 | D:2      | Noticed Natasha
  1575 | D:2      | Killed Natasha
  2097 | D:3      | Reached XP level 5. HP: 41/41 MP: 5/5
  2109 | D:3      | Found Vuwek's Assorted Antiques.
  2683 | D:3      | Found a runed translucent gate.
  2683 | D:3      | Found a runed translucent gate.
  2686 | D:3      | Found a runed translucent gate.
  2690 | D:3      | Noticed frimble's ghost (amateur DsEE)
  2929 | D:3      | Found a faded altar of an unknown god.
  3266 | D:4      | Found a staircase to the Ecumenical Temple.
  3308 | D:4      | Reached XP level 6. HP: 48/48 MP: 6/6
  3964 | D:5      | Entered Level 5 of the Dungeon
  4067 | D:5      | Reached *** piety under Trog
  4076 | D:5      | Reached XP level 7. HP: 54/54 MP: 7/7
  4190 | D:5      | Found a glowing drain.
  4219 | D:5      | Reached skill level 5 in Long Blades
  4222 | Sewer    | Entered a sewer
  4313 | Sewer    | Reached skill level 5 in Dodging
  4720 | D:5      | Found a runed translucent door.
  4721 | D:5      | Noticed Crazy Yiuf
  4815 | D:5      | Reached skill level 5 in Fighting
  4815 | D:5      | Reached XP level 8. HP: 38/62 MP: 8/8
  4981 | D:5      | Killed Crazy Yiuf
  5245 | D:6      | Noticed Menkaure
  5257 | D:6      | Killed Menkaure
  5279 | D:6      | Reached **** piety under Trog
  5555 | D:6      | Found an opulent altar of Gozag.
  5556 | D:6      | Found a hazy altar of Hepliaklqana.
  5727 | D:7      | Noticed Joseph
  5774 | D:7      | Killed Joseph
  5775 | D:7      | Reached skill level 5 in Armour
  5775 | D:7      | Reached XP level 9. HP: 57/69 MP: 9/9
  6337 | D:7      | Paralysed by a hornet for 1 turns
  6593 | D:8      | Identified the ring "Umycougu" {*Slow rF++ rN++ EV+4}
  6810 | D:8      | Noticed a cyclops
  6827 | D:8      | Killed a cyclops
  6828 | D:8      | Reached XP level 10. HP: 79/79 MP: 10/10
  6846 | D:8      | Found an ancient bone altar of Kikubaaqudgha.
  7576 | D:9      | Reached ***** piety under Trog
  8035 | D:9      | Found a staircase to the Orcish Mines.
  8395 | D:10     | Entered Level 10 of the Dungeon
  8611 | D:10     | Found an ornate altar of the Wu Jian Council.
  8612 | D:10     | Noticed a green ugly thing
  8644 | D:10     | Killed a green ugly thing
  8647 | D:10     | Noticed a sixfirhy
  8848 | D:10     | Noticed a two-headed ogre
  8857 | D:10     | Killed a two-headed ogre
  8858 | D:10     | Reached XP level 11. HP: 87/87 MP: 11/11
  9088 | D:10     | Found a burning altar of Makhleb.
  9088 | D:10     | Noticed a balrug
  9582 | D:11     | Noticed a seven-headed hydra
 10074 | D:11     | Noticed a deep elf pyromancer
 10087 | D:11     | Killed a deep elf pyromancer
 10087 | D:11     | Received a gift from Trog
 10088 | D:11     | Reached skill level 10 in Dodging
 10152 | D:11     | Found a staircase to the Lair.
 10412 | D:11     | Killed a two-headed hydra
 10488 | D:11     | Noticed a boulder beetle
 10498 | D:11     | Killed a boulder beetle
 10499 | D:11     | Reached skill level 10 in Long Blades
 10924 | Lair:1   | Entered Level 1 of the Lair of Beasts
 11068 | Lair:1   | Found an ornate altar of the Wu Jian Council.
 11068 | Lair:1   | Found a hide-covered altar of Uskayaw.
 11068 | Lair:1   | Noticed a boulder beetle
 11098 | Lair:1   | Killed a boulder beetle
 11140 | Lair:1   | Noticed a six-headed hydra
 11148 | Lair:1   | Killed a three-headed hydra
 11176 | Lair:1   | Noticed Urug
 11195 | Lair:1   | Killed Urug
 11218 | Lair:1   | Reached XP level 12. HP: 96/96 MP: 12/12
 11263 | Lair:1   | Identified the +3 leather armour of Unreason {Drain Dex+9}
 11265 | Lair:1   | Noticed a five-headed hydra
 11287 | Lair:1   | Killed a one-headed hydra
 11440 | Lair:1   | Noticed a five-headed hydra
 11449 | Lair:1   | Killed a one-headed hydra
 11787 | Lair:1   | Found a runed translucent door.
 11791 | Lair:1   | Noticed RBrandon's ghost (novice DEMo)
 11928 | Lair:1   | Killed RBrandon's ghost
 12145 | D:3      | Killed frimble's ghost
 12580 | Lair:2   | Noticed a four-headed hydra
 12590 | Lair:2   | Killed a one-headed hydra
 12591 | Lair:2   | Reached skill level 10 in Fighting
 12693 | Lair:2   | Found a hazy altar of Hepliaklqana.
 12708 | Lair:2   | Identified the +6 spear of Corruption {venom, Dex+6}
 12802 | Lair:2   | Noticed a catoblepas
 12808 | Lair:2   | Killed a catoblepas
 13097 | Lair:2   | HP: 4/98 [culicivora (14)]
 13165 | Lair:2   | Found a hole to the Spider Nest.
 13700 | Lair:3   | Received a gift from Trog
 13731 | Lair:3   | Noticed Rupert
 13746 | Lair:3   | Killed Rupert
 13893 | Lair:3   | Reached XP level 13. HP: 48/106 MP: 13/13
 14339 | Lair:3   | Reached skill level 10 in Armour
 14537 | Lair:3   | Reached ****** piety under Trog
 14565 | Lair:3   | Found a staircase to the Shoals.
 14831 | Lair:4   | Received a gift from Trog
 14961 | Lair:4   | Found a shadowy altar of Dithmenos.
 15320 | Lair:4   | Identified a scroll of acquirement
 15321 | Lair:4   | Acquired a manual of Long Blades
 15856 | Lair:5   | Entered Level 5 of the Lair of Beasts
 15951 | Lair:5   | Reached skill level 1 in Throwing
 16340 | Lair:5   | Reached XP level 14. HP: 106/118 MP: 14/14
 16566 | Lair:5   | Found a staircase to the Slime Pits.
 16566 | Lair:5   | Found a viscous altar of Jiyva.
 17554 | D:12     | Noticed Maurice
 17559 | D:12     | Killed Maurice
 17592 | D:12     | Identified the +0 plate armour of a treasure trove {-Cast
                  | Str+5}
 17969 | D:12     | Found a portal to a secret trove of treasure.
 17973 | Trove    | Entered a treasure trove
 17992 | Trove    | Identified the amulet "Caqa" {Spirit Int+3}
 18399 | Orc:1    | Entered Level 1 of the Orcish Mines
 18685 | Orc:2    | Entered Level 2 of the Orcish Mines
 18817 | Orc:2    | Noticed Azrael
 18818 | Orc:2    | Reached * piety under Trog
 18827 | Orc:2    | Killed Azrael
 18828 | Orc:2    | Reached skill level 1 in Stealth
 18851 | Orc:2    | Paralysed by an orc sorcerer for 3 turns
 18904 | Orc:2    | Found Diecw's Book Shop.
 18929 | Orc:2    | Reached skill level 1 in Evocations
 19138 | Orc:2    | Noticed Saint Roka
 19149 | Orc:2    | Noticed an orc warlord
 19151 | Orc:2    | Found Aminaazat's Antique Armour Emporium.
 19274 | Orc:2    | Killed Saint Roka
 19486 | Orc:2    | Found a staircase to the Elven Halls.
 19557 | Orc:2    | Found Kela's General Store.
 19565 | Orc:2    | Bought a scroll of identify for 32 gold pieces
 19565 | Orc:2    | Bought a scroll of enchant weapon for 120 gold pieces
 19595 | Orc:2    | Found Wyagug's Antique Weapon Boutique.
 19798 | Orc:2    | Killed an orc warlord
 20212 | D:13     | Noticed Frances
 20223 | D:13     | Killed Frances
 20258 | D:13     | Noticed Erolcha
 20274 | D:13     | Killed Erolcha
 20275 | D:13     | Reached XP level 15. HP: 106/127 MP: 12/15
 20759 | D:13     | Reached skill level 5 in Stealth
 21430 | D:13     | Found a gate to the Vaults.
 21647 | D:14     | Reached skill level 15 in Long Blades
 21930 | D:14     | Reached skill level 15 in Fighting
 22278 | D:14     | Identified the +5 sling "Lifebane" {freeze, Int+3}
 22309 | D:14     | Reached skill level 5 in Throwing
 22442 | D:15     | Entered Level 15 of the Dungeon
 22774 | D:15     | Reached skill level 15 in Dodging
 22874 | D:15     | Identified the +9 scimitar "Zymoc" {holy, rN+}
 23481 | D:15     | Identified the +4 scale mail "Ynguw" {rPois rF+ Dex+2
                  | Slay+3}
 23589 | D:15     | Found a staircase to the Depths.
 23816 | D:15     | Reached XP level 16. HP: 135/136 MP: 16/16
 23837 | D:15     | Gained mutation: You are frail. (-10% HP) [potion of
                  | mutation]
 23837 | D:15     | Gained mutation: You sometimes lose your temper in combat.
                  | [potion of mutation]
 23837 | D:15     | Gained mutation: You are partially covered in iridescent
                  | scales. (AC +2) [potion of mutation]
 23838 | D:15     | Lost mutation: You are partially covered in iridescent
                  | scales. (AC +2) [potion of mutation]
 23838 | D:15     | Lost mutation: You are frail. (-10% HP) [potion of
                  | mutation]
 23838 | D:15     | Gained mutation: You are partially covered in iridescent
                  | scales. (AC +2) [potion of mutation]
 23838 | D:15     | Gained mutation: Your muscles are strong. (Str +4, Int/Dex
                  | -1) [potion of mutation]
 23838 | D:15     | Gained mutation: You occasionally lose the ability to read
                  | scrolls when taking damage. [potion of mutation]
 23838 | D:15     | Gained mutation: Your muscles are very strong. (Str +8,
                  | Int/Dex -2) [potion of mutation]
 23839 | D:15     | Lost mutation: You are partially covered in iridescent
                  | scales. (AC +2) [potion of mutation]
 23839 | D:15     | Lost mutation: You sometimes lose your temper in combat.
                  | [potion of mutation]
 23839 | D:15     | Lost mutation: Your muscles are very strong. (Str +8,
                  | Int/Dex -2) [potion of mutation]
 23839 | D:15     | Gained mutation: You have hidden genetic potential. [potion
                  | of mutation]
 23840 | D:15     | Lost mutation: Your muscles are strong. (Str +4, Int/Dex
                  | -1) [potion of mutation]
 23840 | D:15     | Lost mutation: You occasionally lose the ability to read
                  | scrolls when taking damage. [potion of mutation]
 23840 | D:15     | Gained mutation: Your flesh is heat resistant. (rF+)
                  | [potion of mutation]
 23840 | D:15     | Gained mutation: Your mind is acute. (Int +4, Str/Dex -1)
                  | [potion of mutation]
 24015 | Shoals:1 | Entered Level 1 of the Shoals
 24081 | Spider:1 | Entered Level 1 of the Spider Nest
 24317 | Spider:1 | HP: 2/137 [redback (8)]
 24317 | Spider:1 | Slain by a redback

Illustrated notes

Levels and vault maps discovered:
D:1:      scummos_arrival_simple_crosswalls, layout_loops_corners
D:2:      layout_basic, uniq_natasha
D:3:      layout_basic, gammafunk_ghost_necromancy, serial_shops, shop,
          hellmonk_ecumenical_altar_pennies_from_heaven
D:4:      layout_loops_cross, minmay_temple_entry_glassed_door
D:5:      layout_rooms, portal_sewer_entry_a, serial_glass, glass_columns_a,
          glass_columns_b, item_on_display_a, item_on_display_a,
          minmay_strange_pillars, uniq_crazy_yiuf_cottage
D:6:      layout_loops_cross, amethyst_overflow_temple_binary, serial_glass,
          glass_columns_c, glass_columns_c, glass_columns_a, glass_columns_a,
          glass_columns_a, uniq_menkaure
D:7:      layout_cave_pools, uniq_joseph
D:8:      layout_basic, lemuel_doored_altar, grunt_ministairs_1,
          minmay_stone_trees_large
D:9:      cheibrodos_steamvent, layout_loops_ring, erik_orc_1
D:10:     layout_basic, makhleb_altar_promises_db, jmf_multi_god_temple,
          chequers_mini_garden
D:11:     layout_loops_corners, due_lair_maze_entry_diamond,
          minmay_misc_feat_roman
D:12:     layout_basic, enter_trove_6, elyvilon_altar_3, uniq_maurice
D:13:     layout_basic, grunt_vaults_entry_fortified, uniq_erolcha, uniq_frances
D:14:     layout_cave_pools, hangedman_abyss_or_decor_slice,
          serial_bayou_pond_c, kennysheep_cross_bottleneck
D:15:     gammafunk_enter_depths_forms, layout_rooms,
          hangedman_abyss_or_decor_clamps, minmay_the_grid_square_5x5_3x3_mashed
          [minmay_the_grid_square_5x5_shrine1,
          minmay_the_grid_square_5x5_gyroscope,
          minmay_the_grid_square_5x5_intrusive_squares,
          minmay_the_grid_square_5x5_mess,
          minmay_the_grid_square_5x5_megaprize_hollow,
          minmay_the_grid_square_5x5_three_walls,
          minmay_the_grid_square_5x5_hollow_slash,
          minmay_the_grid_square_5x5_seven, minmay_the_grid_square_5x5_three]
Lair:1:   layout_cellular_growth, gammafunk_ghost_grave,
          nzn_masters_of_martial_movement, uniq_urug
Lair:2:   layout_layer_cave, nicolae_spider_entry_tight_spaces, basic_altar
Lair:3:   hangedman_what_comes_after_a, layout_hall_layers,
          minmay_shoals_entry_lonely_mermaid, uniq_rupert
Lair:4:   layout_cave_pods, basic_altar
Lair:5:   evilmike_catoblepas_cave, layout_cave_pods, slime_entry_1
Shoals:1: layout_shoals
Spider:1: layout_spider_delve, uniq_asterion
Orc:1:    layout_caves
Orc:2:    grunt_orc_gardens, layout_diamond_mine, grunt_orc_garden,
          grunt_orc_garden, grunt_orc_garden, grunt_orc_garden,
          hellmonk_bongcloud_opening, uniq_saint_roka, uniq_azrael

Skill      XL: |  1  2  3  4  5  6  7  8  9 10 11 12 13 14 15 16 |
---------------+-------------------------------------------------+-----
Fighting       | 3 4 5 6 7 8 9 11 13 14 15 | 15.6
Armour         | 2 3 4 5 6 7 8 9 10 11 12 | 12.0
Dodging        | 3 4 5 6 8 9 11 12 13 14 15 | 15.2
Long Blades    | 4 5 6 7 9 10 11 13 14 15 | 15.7
Throwing       | 1 4 5 |  5.8
Stealth        | 4 8 |  8.7
Evocations     | 2 4 |  4.9

Action                   |  1- 3 |  4- 6 |  7- 9 | 10-12 | 13-15 | 16-18 || total
-------------------------+-------+-------+-------+-------+-------+-------++-------
Melee: Falchion          |    77 |   237 |   340 |       |       |       ||   654
       Bite              |     5 |    16 |    56 |    71 |   155 |     6 ||   309
       Punch             |       |     1 |     9 |       |       |       ||    10
       Scimitar          |       |       |   130 |   334 |       |       ||   464
       Great sword       |       |       |    18 |       |       |       ||    18
       Triple sword      |       |       |       |   367 |  1098 |    45 ||  1510
Invok: Berserk           |     1 |     7 |     7 |     8 |     8 |     1 ||    32
       Trog's Hand       |       |       |     1 |     1 |     5 |     1 ||     8
  Use: Scroll            |       |     5 |     8 |    15 |    10 |       ||    38
       Potion            |       |       |       |     2 |     2 |     5 ||     9
 Stab: Sleeping          |     3 |     1 |       |       |       |       ||     4
       Confused          |       |       |       |     2 |       |       ||     2
       Petrified         |       |       |       |       |     2 |       ||     2
       Distracted        |       |       |       |       |     1 |       ||     1
Armor: Animal skin       |    31 |    25 |       |       |       |       ||    56
       Ring mail         |       |    34 |       |       |    99 |       ||   133
       Scale mail        |       |    14 |   145 |   229 |   235 |       ||   623
       Plate armour      |       |       |    38 |   245 |   230 |    96 ||   609
Dodge: Dodged            |    62 |   142 |   274 |  1035 |  1538 |   101 ||  3152
Block: Buckler           |       |       |       |    66 |       |       ||    66

Table legend: (Time is in decaauts)
 A = Elapsed time spent in this place.
 B = Non-inter-level travel time spent in this place.
 C = Inter-level travel time spent in this place.
 D = Time resting spent in this place.
 E = Time spent auto-exploring this place.
 F = Levels seen in this place.
 G = Mean time per level.
                   A        B        C        D        E       F      G
               +--------+--------+--------+--------+--------+-----+--------+
         Total |  25058 |  22783 |   2275 |    180 |  16986 |  26 |  963.8 |
       Dungeon |  16143 |  14414 |   1729 |     30 |  11152 |  15 | 1076.2 |
          Lair |   6393 |   5938 |    455 |     84 |   4412 |   5 | 1278.6 |
        Shoals |     13 |     13 |      0 |      0 |      0 |   1 |   13.0 |
   Spider Nest |    151 |    145 |      6 |      0 |     58 |   1 |  151.0 |
  Orcish Mines |   1719 |   1636 |     83 |     66 |   1058 |   2 |  859.5 |
         Trove |    132 |    132 |      0 |      0 |     44 |   1 |  132.0 |
         Sewer |    503 |    503 |      0 |      0 |    261 |   1 |  503.0 |
               +--------+--------+--------+--------+--------+-----+--------+

Top non-repeatable levels by time:
  Lair:2: 1500 daAuts
    D:10: 1385 daAuts
     D:3: 1326 daAuts
    D:13: 1321 daAuts
    D:15: 1315 daAuts
  Lair:5: 1300 daAuts
  Lair:3: 1290 daAuts
   Orc:2: 1261 daAuts
    D:11: 1252 daAuts
     D:9: 1201 daAuts
  Lair:1: 1196 daAuts
     D:2: 1131 daAuts
  Lair:4: 1105 daAuts
    D:14: 1102 daAuts
     D:8: 1094 daAuts
